 Dungeon Crawl Stone Soup version 0.28.0-43-g3370ac3207 (webtiles) character file.

Game seed: 2191599329518113899

4422 crimpus the Covert (level 10, -13/73 HPs)
             Began as a Felid Berserker on Mar 12, 2022.
             Was a Believer of Trog.
             Mangled by an anaconda simulacrum (26 damage)
             ... in an ice cave.
             The game lasted 00:23:14 (15967 turns).

crimpus the Covert (Felid Berserker)               Turns: 15967, Time: 00:23:15

Health: -13/73     AC:  2    Str: 17    XL:     10   Next: 14%
Magic:  11/11      EV: 28    Int:  8    God:    Trog [**....]
Gold:   588        SH:  5    Dex: 17    Spells: 9/9 levels left
                                        Lives:  0   Deaths: 2

rFire   . . .      SeeInvis +     - Unarmed
rCold   . . .      Faith    .   (shield unavailable)
rNeg    . . .      Spirit   .   (armour unavailable)
rPois   .          Reflect  +   (helmet unavailable)
rElec   .          Harm     .   (cloak unavailable)
rCorr   .          Rampage  .   (gloves unavailable)
Will    ++++.                   (boots unavailable)
Stlth   ..........              d - amulet of reflection
HPRegen 1.22/turn               g - +4 ring of evasion
MPRegen 0.12/turn               q - ring of willpower

@: berserking (expiring), strong-willed, regenerating, slowed, quick
A: very small, claws 1, fangs 3, see invisible, speed 1, shaggy fur 2, stealthy
paws, no weapons or thrown items, no armour, multi-lived, robust 1
a: Renounce Religion, Berserk, Trog's Hand


You were in an ice cave.
You worshipped Trog.
Trog was pleased with you.
You visited 1 branch of the dungeon, and saw 12 of its levels.
You also visited: Ice Cave.

You collected 588 gold pieces.

Inventory:

Jewellery
 d - an amulet of reflection (around neck)
 e - a ring of protection from cold
 g - a +4 ring of evasion (left paw)
 h - a ring of protection from fire
 q - a ring of willpower (right paw)
Wands
 n - a wand of digging (5)
 t - a wand of charming (1)
 v - a wand of mindburst (7)
Scrolls
 b - 2 scrolls of immolation {unknown}
 c - 2 scrolls of amnesia
 f - 4 scrolls of holy word
 i - a scroll of fear
 k - a scroll of enchant weapon
 l - 2 scrolls of blinking
 m - 2 scrolls of magic mapping
 o - 2 scrolls of identify
 s - 4 scrolls of teleportation {unknown}
Potions
 a - 3 potions of attraction
 j - a potion of heal wounds
 r - a potion of curing
 w - a potion of magic
 x - a potion of might {unknown}


   Skills:
 + Level 6.1 Fighting
 * Level 10.7 Dodging
 * Level 14.2 Stealth
 + Level 13.5 Unarmed Combat


You had 9 spell levels left.
You didn't know any spells.
Your spell library was empty.

Dungeon Overview and Level Annotations

Branches:
Dungeon (11/15)            Temple (0/1) D:7            Lair (0/6) D:9
    Orc (0/2) D:10          IceCv (1/1)

Altars:
Trog
Uskayaw
Zin

Shops:
D:4 !?   D:8 *   D:10 ([

Annotations:
D:3 3 runed translucent doors, NoSkeletonsAllowed's ghost, weakling GrMo
D:9 2 transporters, cbfl8's ghost, novice MiAK


Innate Abilities, Weirdness & Mutations

You have sharp claws.
You have razor-sharp teeth.
You have supernaturally acute eyesight. (SInv)
You cover ground quickly. (Speed+)
You are covered in thick fur. (AC +2)
Your paws help you pounce on unaware monsters.
You are incapable of wielding weapons or throwing items.
You cannot wear armour.
You gain extra lives every three experience levels.
You are robust. (+10% HP)


Message History

There is a fountain of sparkling water here.
A freezing wraith is nearby!
There is an open door here.
Your skin crawls.
You feel strong-willed.
A red film seems to cover your vision as you go berserk!
You feel yourself moving faster!
You feel mighty!
The freezing wraith completely misses you.
The freezing wraith hits you!
You scratch the freezing wraith.
The freezing wraith is lightly damaged.
You block the freezing wraith's attack. The freezing wraith misses you.
You claw the freezing wraith! You bite the freezing wraith!
The freezing wraith is severely damaged.
You barely miss the freezing wraith.
The freezing wraith is severely damaged.
You block the anaconda simulacrum's attack.
The anaconda simulacrum completely misses you.
You block the freezing wraith's attack. The freezing wraith hits you!
The freezing wraith drains your vigour!
You feel yourself slow down.
You claw the freezing wraith!
The freezing wraith is almost destroyed.
The anaconda simulacrum completely misses you.
The anaconda simulacrum bites you! The anaconda simulacrum freezes you!!
The freezing wraith misses you. The freezing wraith hits you!
* * * LOW HITPOINT WARNING * * *
The freezing wraith drains your vigour!
You feel as though you will be slow longer.
You scratch the freezing wraith but do no damage.
You bite the freezing wraith.
The freezing wraith is almost destroyed.
The anaconda simulacrum misses you.
You block the anaconda simulacrum's attack.
You closely miss the freezing wraith.
The freezing wraith is almost destroyed.
The anaconda simulacrum completely misses you.
The anaconda simulacrum bites you.
* * * LOW HITPOINT WARNING * * *
The anaconda simulacrum freezes you!!
You die...

####### ###.....###
##.........# #
##.........#### .#
#..........#.⌠#.# +#+#.#'
##.........#.(4.# .......
#..........########.8.8.8.
.............#............
.......⌠.....'..@Z........
.............#...W....4...
#..........########.8.8.8.
##.........#.!'.# .......
#..........#.⌠#.# '#'#.#'
##.........#### Z#.# #
##.........# ## #
###.....### #######


You could see an ice devil, a freezing wraith and an anaconda simulacrum.

Vanquished Creatures
  Harold (D:7)
  A hydra (D:10)
  Erolcha (D:9)
  3 two-headed ogres
  An ugly thing (D:8)
  2 ice statues (IceCv)
  A gargoyle (D:10)
  A freezing wraith (IceCv)
  An unseen horror (D:10)
  An anaconda simulacrum (IceCv)
  5 ice devils
  A hornet (D:8)
  3 shadows
  5 humans (D:6)
  2 wyverns
  3 vampire mosquitoes (D:10)
  A harpy simulacrum (IceCv)
  A hornet zombie (D:8)
  4 orc warriors
  3 necrophages
  3 ogres (D:5)
  An ice beast (D:7)
  4 black bears
  4 centaurs
  A phantom (D:4)
  3 bullfrogs
  A scorpion (D:6)
  A gnoll sergeant (D:6)
  A wyvern skeleton (D:5)
  An elephant simulacrum (IceCv)
  24 wights
  3 howler monkeys
  5 centaur zombies
  A bullfrog zombie (D:7)
  4 hounds
  4 orc priests (D:11)
  A gnoll shaman (D:6)
  A bullfrog skeleton (D:6)
  A centaur skeleton (D:5)
  Jessica (D:2)
  2 iguanas
  8 orc wizards
  A spriggan simulacrum (IceCv)
  A polar bear simulacrum (IceCv)
  A wolf simulacrum (IceCv)
  3 killer bee zombies
  A mummy (D:8)
  2 howler monkey zombies
  9 gnolls (D:6)
  8 adders
  A white imp (D:5)
  An ufetubus (IceCv)
  27 orcs
  6 ball pythons
  3 bats
  6 endoplasms
  4 giant cockroaches
  4 goblins
  3 hobgoblins
  2 quokkas
  3 frilled lizards (D:2)
  9 kobolds
  5 rats
216 creatures vanquished.

Vanquished Creatures (others)
  2 plants (D:1)
  4 withered plants (D:1)
6 creatures vanquished.

Grand Total: 222 creatures vanquished

Notes
Turn   | Place    | Note
-------+----------+-------------------------------------------
     0 | D:1      | crimpus the Felid Berserker began the quest for the Orb.
     0 | D:1      | Reached XP level 1. HP: 10/10 MP: 2/2
    10 | D:1      | Found a faded altar of an unknown god.
   632 | D:2      | Noticed Jessica
   637 | D:2      | Killed Jessica
   638 | D:2      | Reached XP level 2. HP: 14/14 MP: 3/3
   638 | D:2      | Reached XP level 3. HP: 17/17 MP: 4/4
  1492 | D:3      | Found a runed translucent gate.
  1492 | D:3      | Found a runed translucent gate.
  1492 | D:3      | Found a runed translucent gate.
  1494 | D:3      | Noticed NoSkeletonsAllowed's ghost (weakling GrMo)
  2006 | D:3      | Reached skill level 1 in Stealth
  2006 | D:3      | Reached XP level 4. HP: 21/21 MP: 5/5
  2008 | D:3      | Reached ** piety under Trog
  2387 | D:3      | Identified the +2 falchion of Modern Punishment {vorpal,
                  | Fragile Str+5 Int+3}
  3120 | D:4      | Found Lous's Distillery.
  3250 | D:4      | Reached XP level 5. HP: 15/25 MP: 6/6
  3436 | D:4      | Found Fisuq's Magic Scroll Shop.
  3451 | D:4      | Reached skill level 2 in Stealth
  3895 | D:5      | Entered Level 5 of the Dungeon
  3904 | D:5      | Reached skill level 5 in Dodging
  3939 | D:5      | Reached skill level 3 in Stealth
  3939 | D:5      | Reached skill level 5 in Unarmed Combat
  3957 | D:5      | Noticed a black bear
  3957 | D:5      | Noticed an ogre
  4134 | D:5      | Killed an ogre
  4135 | D:5      | Gained mutation: You are covered in thick fur. (AC +2)
                  | [Felid growth]
  4135 | D:5      | Reached XP level 6. HP: 28/28 MP: 7/7
  4137 | D:5      | Reached skill level 4 in Stealth
  4581 | D:5      | Reached XP level 7. HP: 32/32 MP: 8/8
  4669 | D:5      | Reached skill level 5 in Stealth
  5339 | D:5      | Reached skill level 6 in Stealth
  5581 | D:5      | Reached XP level 8. HP: 31/36 MP: 9/9
  6345 | D:6      | Found a glowing silver altar of Zin.
  6366 | D:6      | Found a hide-covered altar of Uskayaw.
  6534 | D:6      | Reached skill level 7 in Stealth
  7028 | D:6      | Reached skill level 8 in Stealth
  7160 | D:6      | Reached XP level 9. HP: 39/39 MP: 10/10
  7166 | D:6      | Reached skill level 9 in Stealth
  7942 | D:7      | Gained mutation: You tend to lose your temper in combat.
                  | [potion of mutation]
  7942 | D:7      | Gained mutation: You are robust. (+10% HP) [potion of
                  | mutation]
  7942 | D:7      | Lost mutation: You tend to lose your temper in combat.
                  | [potion of mutation]
  7968 | D:7      | Reached skill level 10 in Stealth
  8058 | D:7      | Found a staircase to the Ecumenical Temple.
  8095 | D:7      | Reached skill level 10 in Unarmed Combat
  8140 | D:7      | Reached skill level 11 in Stealth
  8582 | D:7      | Noticed Harold
  9260 | D:7      | Killed Harold
  9261 | D:7      | Reached XP level 10. HP: 47/47 MP: 11/11
  9437 | D:8      | Found Loxoqo's Assorted Antiques.
  9504 | D:8      | Reached skill level 5 in Fighting
  9995 | D:8      | Reached skill level 12 in Stealth
 10020 | D:8      | Noticed a two-headed ogre
 10027 | D:8      | Killed a two-headed ogre
 10493 | D:8      | Noticed a green ugly thing
 10681 | D:8      | Killed a green ugly thing
 11006 | D:9      | Noticed a two-headed ogre
 11008 | D:9      | Killed a two-headed ogre
 11009 | D:9      | Reached skill level 13 in Stealth
 11079 | D:9      | Found a staircase to the Lair.
 11368 | D:9      | Found a transporter.
 11369 | D:9      | Noticed a two-headed ogre
 11370 | D:9      | Noticed a tengu warrior
 11370 | D:9      | Noticed a two-headed ogre
 11373 | D:9      | Found a transporter.
 11381 | D:9      | Found a bloodstained altar of Trog.
 11386 | D:9      | Noticed cbfl8's ghost (novice MiAK)
 11413 | D:9      | Noticed a moth of wrath
 11691 | D:9      | Noticed a two-headed ogre
 11702 | D:9      | Killed a two-headed ogre
 11703 | D:9      | Reached XP level 11. HP: 33/52 MP: 12/12
 12090 | D:9      | Noticed Erolcha
 12100 | D:9      | Killed Erolcha
 12336 | D:10     | Entered Level 10 of the Dungeon
 12873 | D:10     | Reached *** piety under Trog
 12948 | D:10     | Found Baledo's Armour Emporium.
 12950 | D:10     | Found a staircase to the Orcish Mines.
 12958 | D:10     | Found Fengoeh's Weapon Emporium.
 13621 | D:10     | Noticed a six-headed hydra
 13667 | D:10     | Killed a six-headed hydra
 14344 | D:11     | You fall into a shaft and drop 1 floor!
 14368 | D:12     | Found a frozen archway.
 14378 | D:12     | Reached skill level 10 in Dodging
 14388 | D:12     | Slain by an ice devil
 14389 | D:12     | Reached XP level 10. HP: -5/49 MP: 11/11
 14491 | IceCv    | Entered an ice cave
 14513 | IceCv    | Reached skill level 14 in Stealth
 14903 | IceCv    | Noticed an ice statue
 14903 | IceCv    | Noticed an ice statue
 14918 | IceCv    | Killed an ice statue
 15179 | IceCv    | Killed an ice statue
 15353 | IceCv    | Slain by a freezing wraith
 15354 | IceCv    | Reached XP level 9. HP: -5/67 MP: 10/10
 15407 | IceCv    | Killed a freezing wraith
 15626 | IceCv    | Reached XP level 10. HP: 49/49 MP: 11/11
 15967 | IceCv    | Mangled by an anaconda simulacrum

Illustrated notes

Levels and vault maps discovered:
D:1:      lightli_arrival_chessboard, layout_rooms,
          shapermc_ecumenical_altar_flowoftime, serial_bayou_lagoon_a
D:2:      layout_basic, uniq_jessica
D:3:      layout_loops_ring, gammafunk_ghost_necromancy,
          chequers_hall_statues_corner_a
D:4:      layout_cave_pools, serial_column_ruins, column_ruins_circle_medium,
          column_ruins_grid_2, column_ruins_open_medium_water,
          column_ruins_corridor_straight, column_ruins_columns_straight,
          column_ruins_corridor_dead_end, serial_shops, shop, shop
D:5:      layout_gridville, minmay_increasing_density
D:6:      layout_loops_cross, mainiacjoe_overflow_swirl, minivault_22,
          minmay_ruffians
D:7:      layout_rooms, minmay_temple_entry_large_hall, uniq_harold,
          uniq_crazy_yiuf_cottage
D:8:      layout_layer_cave, serial_shops, nicolae_stop_n_shop_2, serial_undead,
          serial_undead_d, serial_undead_c, serial_undead_a, serial_undead_d
D:9:      layout_roguey, lair_entry_dummy, gammafunk_ghost_wrathful_warriors,
          minivault_1, uniq_erolcha
D:10:     layout_grid_maze, orc_david_3
D:11:     layout_loops_ring, serial_glass, glass_columns_b, glass_columns_a,
          glass_columns_a, glass_columns_c, glass_columns_b, glass_columns_a,
          glass_columns_c, glass_columns_a
D:12:     layout_basic, portal_ice_cave_demonic_guard, trove_entry_hex_spiral,
          lemuel_old_faithful
IceCv:    ice_cave_tombish

Skill      XL: |  1  2  3  4  5  6  7  8  9 10 11 |
---------------+----------------------------------+-----
Stealth        | 1 3 4 6 8 11 14 | 14.2
Unarmed Combat | 4 5 7 8 10 13 | 13.5
Dodging        | 5 6 7 8 9 10 | 10.7
Fighting       | 4 5 6 |  6.1

Action                   |  1- 3 |  4- 6 |  7- 9 | 10-12 || total
-------------------------+-------+-------+-------+-------++-------
Melee: Unarmed           |    94 |   102 |   230 |   230 ||   656
       Bite              |    11 |     7 |    31 |    19 ||    68
       Punch             |     4 |     7 |    11 |    19 ||    41
Invok: Berserk           |     4 |     6 |    20 |    24 ||    54
       Trog's Hand       |       |       |       |     1 ||     1
  Use: Potion            |       |       |     6 |     3 ||     9
       Scroll            |       |       |     7 |       ||     7
 Stab: Sleeping          |     2 |     2 |    14 |    13 ||    31
       Distracted        |       |       |     1 |     1 ||     2
Armor: Skin              |     3 |     3 |     2 |     4 ||    12
Dodge: Dodged            |    31 |    76 |   164 |   135 ||   406
Block: Other             |       |       |    26 |    31 ||    57
       Reflection        |       |       |     1 |     1 ||     2
